[ AOE2 MATCH · #466331188 ]
UnrankedMaya vs Burmese
[ REPLAY ANALYSIS · EXTRACTED FROM THE RECORDED GAME ]
Feudal
12:13
Castle
15:44
Imperial
29:07
| APM avg | 22.5 |
| APM peak | 53 |
| eAPM avg | 14.7 |
| Villagers / military | 136 / 109 |
Focus
⚔️ 16.0% · 🌾 84.0%
Plumed Archer ×57 · Spearman ×48 · Trebuchet (Packed) ×4
Feudal
10:57
Castle
14:42
Imperial
28:08
| APM avg | 35.5 |
| APM peak | 75 |
| eAPM avg | 27.9 |
| Villagers / military | 128 / 132 |
Focus
⚔️ 47.9% · 🌾 52.1%
Militia ×118 · Battering Ram ×7 · Bombard Cannon ×3 · Monk ×2 · Trebuchet (Packed) ×2
Feudal
10:31
Castle
14:26
Imperial
29:09
| APM avg | 26.6 |
| APM peak | 60 |
| eAPM avg | 15.3 |
| Villagers / military | 124 / 141 |
Focus
⚔️ 18.9% · 🌾 81.1%
Camel Scout ×138 · Trebuchet (Packed) ×2 · Monk ×1
Feudal
10:36
Castle
14:27
Imperial
28:12
| APM avg | 37.6 |
| APM peak | 111 |
| eAPM avg | 17.5 |
| Villagers / military | 150 / 79 |
Focus
⚔️ 22.3% · 🌾 77.7%
Battle Elephant ×74 · Spearman ×5
Feudal
11:49
Castle
15:19
Imperial
—
| APM avg | 22.1 |
| APM peak | 37 |
| eAPM avg | 14.7 |
| Villagers / military | 91 / 77 |
Focus
⚔️ 32.5% · 🌾 67.5%
Leitis ×74 · Petard ×3
Feudal
13:07
Castle
16:43
Imperial
—
| APM avg | 21.7 |
| APM peak | 52 |
| eAPM avg | 14.8 |
| Villagers / military | 143 / 22 |
Focus
⚔️ 18.8% · 🌾 81.2%
Rattan Archer ×13 · Spearman ×9
Feudal
—
Castle
—
Imperial
—
| APM avg | 24.7 |
| APM peak | 60 |
| eAPM avg | 17.3 |
| Villagers / military | 112 / 85 |
Focus
⚔️ 30.1% · 🌾 69.9%
Spearman ×72 · Unknown (2550) ×29 · Battering Ram ×8 · Kamayuk ×5
Feudal
11:20
Castle
14:51
Imperial
29:31
| APM avg | 43.2 |
| APM peak | 76 |
| eAPM avg | 21.0 |
| Villagers / military | 129 / 110 |
Focus
⚔️ 24.0% · 🌾 76.0%
Militia ×106 · Unknown (1968) ×10 · Monk ×4
Match map
Initial resources + every placement click. Lines = walls · curves = elevation contours. ◆ gold · ⬟ stone · ● berries · ✦ relic · ◌ wall gap
Your base· ✓ Closed at 15:44 · 0t walls · 3 gate(s)
uribeparacohp's base· ✓ Closed at 14:42 · 14t walls · 3 gate(s)
Siefers's base· ✓ Closed at 14:26 · 0t walls · 3 gate(s)
eldeniro's base· ✓ Closed at 14:27 · 0t walls · 2 gate(s)
cowboy's base· ✓ Closed at 15:19 · 0t walls · 2 gate(s)
coronawithlime7's base· ✓ Closed at 16:43 · 0t walls · 2 gate(s)
BidCarton8291's base· ✓ Closed at 12:42 · 0t walls · 2 gate(s)
CKNs love Houfnice Shot's base· ✓ Closed at 14:51 · 11t walls · 4 gate(s)
Smoothed initial terrain · ◌ = detected wall gap · hover for details
Inputs per minute
— Rainier - - uribeparacohp
Build order — Rainier
First 150 of 301 actions detected
| 0:02 | Research | Loom |
| 0:03 | Build | House |
| 0:05 | Build | House |
| 0:19 | Create | Villager (Male) ×3 |
| 1:29 | Create | Villager (Male) |
| 1:52 | Build | Lumber Camp |
| 1:56 | Create | Villager (Male) |
| 2:33 | Create | Villager (Male) |
| 2:49 | Create | Villager (Male) |
| 3:18 | Create | Villager (Male) |
| 3:18 | Create | Villager (Male) |
| 3:57 | Build | House |
| 3:58 | Build | House |
| 4:01 | Create | Villager (Male) |
| 4:19 | Build | Mill |
| 4:26 | Create | Villager (Male) |
| 4:42 | Create | Villager (Male) |
| 4:48 | Build | House |
| 4:49 | Build | House |
| 5:23 | Create | Villager (Male) |
| 5:23 | Create | Villager (Male) |
| 6:05 | Create | Villager (Male) |
| 6:43 | Create | Villager (Male) |
| 6:51 | Build | Lumber Camp |
| 7:01 | Create | Villager (Male) |
| 7:01 | Create | Villager (Male) |
| 7:21 | Create | Villager (Male) |
| 7:21 | Create | Villager (Male) |
| 7:21 | Create | Villager (Male) |
| 8:15 | Build | Mining Camp |
| 8:33 | Create | Villager (Male) |
| 8:35 | Create | Villager (Male) |
| 8:56 | Build | Mill |
| 9:48 | Research | Feudal Age |
| 10:12 | Build | Mining Camp |
| 11:02 | Create | Villager (Male) |
| 11:02 | Create | Villager (Male) |
| 12:13 | Age | Feudal Age |
| 12:16 | Build | Market |
| 12:19 | Build | Blacksmith |
| 12:56 | Build | Farm |
| 12:57 | Build | Farm |
| 12:59 | Build | Farm |
| 13:04 | Research | Castle Age |
| 13:31 | Research | Horse Collar |
| 14:00 | Research | Double-Bit Axe |
| 15:30 | Create | Villager (Male) |
| 15:30 | Create | Villager (Male) |
| 15:44 | Age | Castle Age |
| 15:47 | Build | Town Center |
| 15:50 | Build | Town Center |
| 16:13 | Build | Farm |
| 16:16 | Create | Villager (Male) |
| 16:39 | Create | Villager (Male) |
| 17:00 | Create | Villager (Male) |
| 17:21 | Build | Town Center |
| 17:25 | Create | Villager (Male) |
| 17:26 | Create | Villager (Male) |
| 17:28 | Create | Villager (Male) |
| 17:31 | Create | Villager (Male) |
| 17:31 | Create | Villager (Male) |
| 17:36 | Build | Farm |
| 17:38 | Build | Farm |
| 17:41 | Build | Farm |
| 17:54 | Build | House |
| 17:58 | Build | Farm |
| 18:02 | Create | Villager (Male) |
| 18:03 | Create | Villager (Male) |
| 18:04 | Create | Villager (Male) |
| 18:12 | Build | Farm |
| 18:23 | Create | Villager (Male) |
| 18:24 | Create | Villager (Male) |
| 18:24 | Create | Villager (Male) |
| 18:29 | Build | House |
| 18:44 | Build | Farm |
| 18:46 | Build | Farm |
| 18:47 | Create | Villager (Male) |
| 18:48 | Create | Villager (Male) |
| 18:52 | Build | Farm |
| 18:59 | Build | Farm |
| 19:01 | Build | Farm |
| 19:12 | Build | Farm |
| 19:13 | Create | Villager (Male) |
| 19:28 | Build | Castle |
| 19:36 | Build | Farm |
| 19:37 | Create | Villager (Male) |
| 19:38 | Create | Villager (Male) |
| 19:39 | Create | Villager (Male) |
| 19:43 | Build | Farm |
| 19:54 | Build | Farm |
| 19:56 | Build | Farm |
| 19:58 | Build | Farm |
| 19:59 | Create | Villager (Male) |
| 20:04 | Build | Farm |
| 20:07 | Build | Farm |
| 20:14 | Create | Villager (Male) |
| 20:15 | Create | Villager (Male) |
| 20:18 | Build | Farm |
| 20:33 | Build | Farm |
| 20:37 | Build | House |
| 20:38 | Build | House |
| 20:42 | Create | Villager (Male) |
| 20:42 | Create | Villager (Male) |
| 20:43 | Create | Villager (Male) |
| 20:45 | Create | Villager (Male) |
| 21:12 | Create | Villager (Male) |
| 21:13 | Create | Villager (Male) |
| 21:14 | Create | Villager (Male) |
| 21:15 | Create | Villager (Male) |
| 21:20 | Create | Plumed Archer |
| 21:20 | Create | Plumed Archer |
| 21:26 | Build | Farm |
| 21:28 | Build | Farm |
| 21:29 | Build | Farm |
| 21:32 | Build | Farm |
| 21:33 | Build | Farm |
| 21:35 | Build | House |
| 21:36 | Build | House |
| 21:37 | Create | Villager (Male) |
| 21:38 | Create | Villager (Male) |
| 21:39 | Create | Villager (Male) |
| 21:40 | Create | Villager (Male) |
| 21:42 | Build | Farm |
| 21:47 | Build | Farm |
| 21:59 | Create | Plumed Archer |
| 21:59 | Create | Plumed Archer |
| 22:02 | Build | Farm |
| 22:03 | Create | Villager (Male) |
| 22:04 | Create | Villager (Male) |
| 22:05 | Create | Villager (Male) |
| 22:06 | Create | Villager (Male) |
| 22:24 | Build | Farm |
| 22:27 | Build | Farm |
| 22:28 | Create | Villager (Male) |
| 22:29 | Create | Villager (Male) |
| 22:30 | Create | Villager (Male) |
| 22:31 | Create | Villager (Male) |
| 22:33 | Build | Farm |
| 22:35 | Build | Farm |
| 22:37 | Build | Farm |
| 22:49 | Build | House |
| 22:51 | Build | House |
| 23:10 | Build | Farm |
| 23:12 | Build | Farm |
| 23:21 | Create | Villager (Male) |
| 23:21 | Create | Villager (Male) |
| 23:27 | Create | Villager (Male) |
| 23:29 | Create | Villager (Male) |
| 23:29 | Create | Villager (Male) |
| 23:30 | Create | Villager (Male) |
Build order — uribeparacohp
First 150 of 417 actions detected
| 0:01 | Create | Villager (Male) |
| 0:01 | Create | Villager (Male) |
| 0:02 | Create | Villager (Male) |
| 0:02 | Build | House |
| 0:05 | Build | House |
| 0:14 | Create | Villager (Male) |
| 1:13 | Create | Villager (Male) |
| 1:47 | Create | Villager (Male) |
| 1:48 | Create | Villager (Male) |
| 1:53 | Build | Lumber Camp |
| 2:24 | Create | Villager (Male) |
| 2:24 | Create | Villager (Male) |
| 2:32 | Create | Villager (Male) |
| 2:32 | Create | Villager (Male) |
| 3:11 | Build | House |
| 3:12 | Build | House |
| 3:13 | Create | Villager (Male) |
| 3:13 | Create | Villager (Male) |
| 3:38 | Create | Villager (Male) |
| 3:59 | Create | Villager (Male) |
| 3:59 | Create | Villager (Male) |
| 4:29 | Create | Villager (Male) |
| 4:30 | Create | Villager (Male) |
| 4:33 | Build | Palisade Wall |
| 4:37 | Build | Palisade Wall |
| 4:39 | Build | Palisade Wall |
| 4:43 | Build | Palisade Wall |
| 4:46 | Build | Palisade Wall |
| 4:50 | Build | Palisade Wall |
| 4:54 | Build | Palisade Wall |
| 4:58 | Build | Palisade Wall |
| 5:02 | Create | Villager (Male) |
| 5:02 | Create | Villager (Male) |
| 5:05 | Build | Palisade Wall |
| 5:08 | Build | Mill |
| 5:10 | Build | Palisade Wall |
| 5:14 | Build | Palisade Wall |
| 5:19 | Build | Palisade Wall |
| 5:23 | Build | Palisade Wall |
| 5:28 | Build | Palisade Wall |
| 5:37 | Create | Villager (Male) |
| 5:37 | Create | Villager (Male) |
| 5:53 | Create | Villager (Male) |
| 5:53 | Create | Villager (Male) |
| 5:54 | Create | Villager (Male) |
| 6:22 | Create | Villager (Male) |
| 6:57 | Build | Lumber Camp |
| 6:57 | Create | Villager (Male) |
| 8:15 | Create | Villager (Male) |
| 8:46 | Research | Feudal Age |
| 8:49 | Build | Mining Camp |
| 9:19 | Build | Farm |
| 9:22 | Build | Farm |
| 9:25 | Build | Farm |
| 9:32 | Build | Farm |
| 9:44 | Create | Villager (Male) |
| 9:44 | Create | Villager (Male) |
| 9:47 | Build | House |
| 10:57 | Age | Feudal Age |
| 10:58 | Build | Market |
| 11:01 | Build | Blacksmith |
| 12:02 | Research | Castle Age |
| 12:30 | Research | Double-Bit Axe |
| 12:30 | Research | Double-Bit Axe |
| 13:17 | Research | Horse Collar |
| 13:17 | Research | Horse Collar |
| 13:49 | Create | Villager (Male) |
| 13:59 | Build | House |
| 14:42 | Age | Castle Age |
| 14:45 | Build | Town Center |
| 14:49 | Build | Town Center |
| 14:54 | Build | Monastery |
| 15:00 | Create | Villager (Male) |
| 15:10 | Research | Bow Saw |
| 15:10 | Research | Bow Saw |
| 15:11 | Create | Villager (Male) |
| 15:13 | Research | Heavy Plow |
| 15:14 | Create | Villager (Male) |
| 15:14 | Create | Villager (Male) |
| 15:16 | Build | Farm |
| 15:17 | Create | Villager (Male) |
| 15:23 | Create | Villager (Male) |
| 15:37 | Create | Monk |
| 15:45 | Build | Farm |
| 15:45 | Create | Villager (Male) |
| 15:46 | Create | Villager (Male) |
| 15:56 | Build | Farm |
| 15:59 | Build | Farm |
| 16:00 | Create | Villager (Male) |
| 16:00 | Create | Villager (Male) |
| 16:21 | Create | Villager (Male) |
| 16:21 | Create | Villager (Male) |
| 16:21 | Create | Villager (Male) |
| 16:22 | Create | Villager (Male) |
| 16:22 | Create | Villager (Male) |
| 16:22 | Create | Villager (Male) |
| 16:25 | Build | Farm |
| 16:26 | Build | Farm |
| 16:38 | Create | Villager (Male) |
| 16:39 | Create | Villager (Male) |
| 16:49 | Build | Farm |
| 16:52 | Build | Farm |
| 16:52 | Create | Villager (Male) |
| 16:52 | Create | Villager (Male) |
| 17:00 | Build | Farm |
| 17:15 | Create | Villager (Male) |
| 17:15 | Create | Villager (Male) |
| 17:19 | Create | Villager (Male) |
| 17:19 | Create | Villager (Male) |
| 17:21 | Build | House |
| 17:21 | Build | House |
| 17:22 | Create | Villager (Male) |
| 17:22 | Create | Villager (Male) |
| 17:25 | Build | Farm |
| 17:27 | Build | Farm |
| 17:30 | Build | Farm |
| 17:34 | Build | Farm |
| 17:37 | Build | Farm |
| 17:46 | Build | Farm |
| 17:46 | Create | Villager (Male) |
| 17:47 | Create | Villager (Male) |
| 17:47 | Create | Villager (Male) |
| 17:55 | Create | Villager (Male) |
| 17:55 | Create | Villager (Male) |
| 17:58 | Build | Farm |
| 18:04 | Build | House |
| 18:06 | Build | House |
| 18:16 | Create | Villager (Male) |
| 18:16 | Create | Villager (Male) |
| 18:21 | Create | Villager (Male) |
| 18:28 | Build | House |
| 18:29 | Create | Villager (Male) |
| 18:29 | Create | Villager (Male) |
| 18:39 | Create | Villager (Male) |
| 18:39 | Create | Villager (Male) |
| 18:47 | Create | Villager (Male) |
| 18:47 | Create | Villager (Male) |
| 18:49 | Build | House |
| 18:52 | Create | Villager (Male) |
| 19:02 | Create | Villager (Male) |
| 19:02 | Create | Villager (Male) |
| 19:07 | Build | Farm |
| 19:07 | Build | Farm |
| 19:08 | Build | Farm |
| 19:08 | Build | Farm |
| 19:08 | Build | Farm |
| 19:13 | Build | Farm |
| 19:17 | Create | Villager (Male) |
| 19:35 | Build | Town Center |
| 19:37 | Create | Villager (Male) |
Build order — Siefers
First 150 of 307 actions detected
| 0:01 | Create | Villager (Male) |
| 0:01 | Create | Villager (Male) |
| 0:01 | Create | Villager (Male) |
| 0:02 | Build | House |
| 0:04 | Build | House |
| 0:44 | Create | Villager (Male) |
| 1:32 | Create | Villager (Male) |
| 1:45 | Build | Lumber Camp |
| 1:48 | Create | Villager (Male) |
| 2:24 | Create | Villager (Male) |
| 2:35 | Build | House |
| 2:36 | Build | House |
| 2:54 | Create | Villager (Male) |
| 3:00 | Create | Villager (Male) |
| 3:32 | Create | Villager (Male) |
| 3:52 | Create | Villager (Male) |
| 3:52 | Create | Villager (Male) |
| 4:30 | Build | Mill |
| 4:31 | Create | Villager (Male) |
| 5:00 | Create | Villager (Male) |
| 5:01 | Create | Villager (Male) |
| 5:15 | Create | Villager (Male) |
| 5:44 | Create | Villager (Male) |
| 6:11 | Build | Mill |
| 6:37 | Create | Villager (Male) |
| 6:38 | Create | Villager (Male) |
| 6:38 | Create | Villager (Male) |
| 7:40 | Create | Villager (Male) |
| 7:41 | Create | Villager (Male) |
| 7:56 | Research | Feudal Age |
| 8:08 | Build | Mining Camp |
| 8:30 | Build | Farm |
| 8:31 | Build | Farm |
| 9:44 | Build | House |
| 9:48 | Create | Villager (Male) |
| 9:48 | Create | Villager (Male) |
| 10:31 | Age | Feudal Age |
| 10:35 | Build | Market |
| 10:42 | Build | Blacksmith |
| 10:51 | Build | Farm |
| 11:16 | Create | Villager (Male) |
| 11:19 | Build | Farm |
| 11:32 | Research | Double-Bit Axe |
| 11:45 | Research | Castle Age |
| 12:24 | Build | Farm |
| 13:37 | Create | Villager (Male) |
| 13:37 | Create | Villager (Male) |
| 13:50 | Build | House |
| 14:26 | Age | Castle Age |
| 14:27 | Build | Town Center |
| 14:45 | Create | Villager (Male) |
| 14:48 | Build | Town Center |
| 14:52 | Research | Bow Saw |
| 15:03 | Research | Horse Collar |
| 15:07 | Build | Farm |
| 15:10 | Build | Farm |
| 15:38 | Build | Farm |
| 15:40 | Create | Villager (Male) |
| 15:55 | Create | Villager (Male) |
| 15:56 | Create | Villager (Male) |
| 16:01 | Build | Farm |
| 16:05 | Build | Farm |
| 16:06 | Build | Farm |
| 16:10 | Build | Farm |
| 16:13 | Create | Villager (Male) |
| 16:13 | Create | Villager (Male) |
| 16:13 | Create | Villager (Male) |
| 16:13 | Create | Villager (Male) |
| 16:14 | Create | Villager (Male) |
| 16:14 | Create | Villager (Male) |
| 16:24 | Build | House |
| 16:27 | Create | Villager (Male) |
| 16:38 | Build | Farm |
| 16:39 | Build | Farm |
| 16:43 | Create | Villager (Male) |
| 16:45 | Build | House |
| 16:49 | Build | House |
| 16:53 | Create | Villager (Male) |
| 16:59 | Build | Farm |
| 17:00 | Build | Farm |
| 17:18 | Create | Villager (Male) |
| 17:18 | Create | Villager (Male) |
| 17:32 | Create | Villager (Male) |
| 17:41 | Build | Farm |
| 17:42 | Build | Farm |
| 17:44 | Build | Farm |
| 17:46 | Build | Farm |
| 17:48 | Create | Villager (Male) |
| 17:52 | Build | House |
| 17:53 | Build | House |
| 17:56 | Build | House |
| 18:01 | Create | Villager (Male) |
| 18:05 | Create | Villager (Male) |
| 18:06 | Create | Villager (Male) |
| 18:06 | Create | Villager (Male) |
| 18:06 | Create | Villager (Male) |
| 18:13 | Build | Farm |
| 18:17 | Create | Villager (Male) |
| 18:19 | Create | Villager (Male) |
| 18:27 | Create | Villager (Male) |
| 18:40 | Create | Villager (Male) |
| 18:54 | Build | Town Center |
| 18:56 | Build | Farm |
| 18:58 | Create | Villager (Male) |
| 18:59 | Create | Villager (Male) |
| 19:03 | Create | Villager (Male) |
| 19:07 | Build | Farm |
| 19:20 | Build | Farm |
| 19:22 | Build | House |
| 19:24 | Create | Villager (Male) |
| 19:24 | Create | Villager (Male) |
| 19:24 | Create | Villager (Male) |
| 19:39 | Build | Farm |
| 19:40 | Build | Farm |
| 19:41 | Create | Villager (Male) |
| 19:41 | Create | Villager (Male) |
| 19:46 | Create | Villager (Male) |
| 19:55 | Create | Villager (Male) |
| 20:00 | Build | Farm |
| 20:02 | Build | Farm |
| 20:03 | Build | Farm |
| 20:19 | Create | Villager (Male) |
| 20:20 | Create | Villager (Male) |
| 20:20 | Create | Villager (Male) |
| 20:23 | Build | Farm |
| 20:27 | Research | Heavy Plow |
| 20:31 | Build | House |
| 20:33 | Build | House |
| 20:35 | Build | House |
| 20:35 | Build | House |
| 20:36 | Build | House |
| 20:37 | Create | Villager (Male) |
| 20:43 | Create | Villager (Male) |
| 20:43 | Create | Villager (Male) |
| 20:58 | Build | Monastery |
| 21:00 | Create | Villager (Male) |
| 21:01 | Create | Villager (Male) |
| 21:01 | Create | Villager (Male) |
| 21:08 | Build | Farm |
| 21:09 | Build | Farm |
| 21:19 | Create | Villager (Male) |
| 21:20 | Create | Villager (Male) |
| 21:20 | Create | Villager (Male) |
| 21:20 | Create | Villager (Male) |
| 21:31 | Research | Wheelbarrow |
| 21:35 | Build | Farm |
| 21:38 | Build | Farm |
| 21:39 | Build | Farm |
| 21:40 | Build | Farm |
| 21:41 | Build | Farm |
Build order — eldeniro
First 150 of 278 actions detected
| 0:01 | Create | Villager (Male) ×4 |
| 0:02 | Build | House |
| 0:04 | Build | House |
| 1:24 | Build | Lumber Camp |
| 1:26 | Create | Villager (Male) |
| 1:59 | Create | Villager (Male) |
| 2:28 | Create | Villager (Male) |
| 2:47 | Create | Villager (Male) |
| 3:03 | Build | House |
| 3:04 | Build | House |
| 3:17 | Create | Villager (Male) |
| 3:40 | Create | Villager (Male) |
| 4:06 | Build | House |
| 4:13 | Create | Villager (Male) |
| 4:30 | Create | Villager (Male) |
| 4:45 | Build | Mill |
| 5:00 | Create | Villager (Male) |
| 5:07 | Create | Villager (Male) |
| 5:56 | Create | Villager (Male) |
| 5:57 | Create | Villager (Male) |
| 5:57 | Create | Villager (Male) |
| 6:25 | Create | Villager (Male) |
| 6:25 | Create | Villager (Male) |
| 6:29 | Build | Farm |
| 6:29 | Build | Farm |
| 6:42 | Create | Villager (Male) |
| 7:43 | Build | Mining Camp |
| 8:00 | Create | Villager (Male) |
| 8:25 | Research | Feudal Age |
| 8:28 | Build | Lumber Camp |
| 9:13 | Build | Mill |
| 9:39 | Create | Villager (Male) |
| 9:39 | Create | Villager (Male) |
| 10:36 | Age | Feudal Age |
| 10:41 | Build | Market |
| 10:52 | Build | Blacksmith |
| 11:34 | Build | House |
| 11:35 | Build | House |
| 11:47 | Research | Castle Age |
| 12:12 | Research | Horse Collar |
| 12:23 | Build | House |
| 12:24 | Build | House |
| 12:53 | Build | Farm |
| 12:54 | Build | Farm |
| 13:08 | Build | House |
| 13:09 | Build | House |
| 13:47 | Build | House |
| 13:48 | Build | House |
| 14:27 | Age | Castle Age |
| 14:30 | Create | Villager (Male) |
| 14:31 | Create | Villager (Male) |
| 14:33 | Build | Town Center |
| 14:46 | Research | Heavy Plow |
| 14:48 | Create | Villager (Male) |
| 14:50 | Research | Wheelbarrow |
| 15:24 | Build | Town Center |
| 15:46 | Build | Farm |
| 15:49 | Build | Farm |
| 16:05 | Create | Villager (Male) |
| 16:09 | Build | Farm |
| 16:10 | Create | Villager (Male) |
| 16:11 | Create | Villager (Male) |
| 16:27 | Build | Farm |
| 16:29 | Create | Villager (Male) ×3 |
| 16:48 | Create | Villager (Male) ×2 |
| 17:05 | Build | Farm |
| 17:09 | Create | Villager (Male) |
| 17:20 | Create | Villager (Male) |
| 17:23 | Build | Town Center |
| 17:31 | Create | Villager (Male) |
| 17:40 | Build | Farm |
| 17:41 | Build | Farm |
| 17:54 | Create | Villager (Male) |
| 18:06 | Create | Villager (Male) |
| 18:12 | Build | Farm |
| 18:13 | Build | Farm |
| 18:16 | Build | Farm |
| 18:17 | Create | Villager (Male) ×2 |
| 18:28 | Build | Farm |
| 18:29 | Build | Farm |
| 18:31 | Build | Farm |
| 18:35 | Create | Villager (Male) |
| 18:44 | Build | Farm |
| 18:47 | Build | Farm |
| 18:48 | Create | Villager (Male) |
| 18:56 | Create | Villager (Male) ×2 |
| 19:00 | Build | Farm |
| 19:04 | Build | Farm |
| 19:04 | Build | Farm |
| 19:07 | Create | Villager (Male) ×3 |
| 19:12 | Build | Farm |
| 19:14 | Build | Farm |
| 19:15 | Create | Villager (Male) |
| 19:27 | Create | Villager (Male) |
| 19:29 | Build | Farm |
| 19:30 | Build | Farm |
| 19:38 | Create | Villager (Male) |
| 19:42 | Create | Villager (Male) |
| 19:49 | Build | Farm |
| 19:50 | Build | Farm |
| 19:51 | Build | Farm |
| 19:56 | Create | Villager (Male) |
| 20:02 | Create | Villager (Male) |
| 20:02 | Create | Villager (Male) |
| 20:10 | Build | Farm |
| 20:12 | Build | Farm |
| 20:13 | Create | Villager (Male) |
| 20:17 | Create | Villager (Male) ×3 |
| 20:24 | Create | Villager (Male) ×2 |
| 20:28 | Build | House |
| 20:32 | Build | House |
| 20:46 | Build | Monastery |
| 20:47 | Create | Villager (Male) ×3 |
| 20:50 | Build | University |
| 20:53 | Create | Villager (Male) ×2 |
| 20:57 | Build | Farm |
| 20:59 | Build | Farm |
| 21:01 | Create | Villager (Male) |
| 21:13 | Create | Villager (Male) ×3 |
| 21:24 | Create | Villager (Male) ×2 |
| 21:26 | Build | Farm |
| 21:27 | Build | Farm |
| 21:28 | Build | Farm |
| 21:29 | Create | Villager (Male) |
| 21:38 | Create | Villager (Male) ×2 |
| 21:46 | Create | Villager (Male) ×2 |
| 21:49 | Build | Farm |
| 21:50 | Build | Farm |
| 21:55 | Build | Barracks |
| 21:58 | Research | Loom |
| 22:06 | Build | House |
| 22:14 | Build | House |
| 22:16 | Build | House |
| 22:18 | Build | House |
| 22:21 | Create | Villager (Male) ×5 |
| 22:26 | Build | Farm |
| 22:27 | Build | Farm |
| 22:27 | Build | Farm |
| 22:27 | Build | Farm |
| 22:30 | Build | Farm |
| 22:43 | Create | Villager (Male) ×5 |
| 22:52 | Build | Mining Camp |
| 22:57 | Research | Hand Cart |
| 23:06 | Build | Farm |
| 23:08 | Build | Stable |
| 23:09 | Build | Stable |
| 23:30 | Build | Farm |
| 23:35 | Build | Farm |
| 23:36 | Build | Farm |
| 23:38 | Build | Farm |
Build order — cowboy
First 150 of 250 actions detected
| 0:02 | Create | Villager (Male) |
| 0:02 | Create | Villager (Male) |
| 0:02 | Create | Villager (Male) |
| 0:02 | Create | Villager (Male) |
| 0:02 | Create | Villager (Male) |
| 0:02 | Create | Villager (Male) |
| 0:06 | Build | House |
| 0:08 | Build | House |
| 1:31 | Create | Villager (Male) |
| 1:49 | Build | Mill |
| 1:53 | Create | Villager (Male) |
| 2:23 | Create | Villager (Male) |
| 2:56 | Create | Villager (Male) |
| 3:09 | Create | Villager (Male) |
| 3:09 | Create | Villager (Male) |
| 3:31 | Create | Villager (Male) |
| 3:34 | Build | House |
| 3:36 | Build | House |
| 3:45 | Create | Villager (Male) |
| 4:33 | Create | Villager (Male) |
| 4:33 | Create | Villager (Male) |
| 4:33 | Create | Villager (Male) |
| 4:52 | Build | House |
| 4:56 | Create | Villager (Male) |
| 4:56 | Create | Villager (Male) |
| 5:19 | Build | House |
| 5:27 | Create | Villager (Male) |
| 5:27 | Create | Villager (Male) |
| 5:53 | Create | Villager (Male) |
| 5:54 | Create | Villager (Male) |
| 6:14 | Create | Villager (Male) |
| 6:14 | Create | Villager (Male) |
| 6:15 | Create | Villager (Male) |
| 6:38 | Create | Villager (Male) |
| 7:11 | Create | Villager (Male) |
| 7:11 | Create | Villager (Male) |
| 7:42 | Build | House |
| 8:37 | Build | Mill |
| 8:56 | Build | Lumber Camp |
| 9:39 | Research | Feudal Age |
| 10:26 | Build | Farm |
| 10:28 | Build | Farm |
| 10:30 | Build | Farm |
| 10:46 | Build | Farm |
| 11:45 | Create | Villager (Male) |
| 11:45 | Create | Villager (Male) |
| 11:49 | Age | Feudal Age |
| 11:50 | Build | Market |
| 12:02 | Build | Blacksmith |
| 12:29 | Research | Castle Age |
| 12:39 | Build | Mining Camp |
| 12:53 | Research | Double-Bit Axe |
| 13:11 | Research | Horse Collar |
| 14:20 | Research | Gold Mining |
| 14:25 | Build | Farm |
| 14:27 | Build | Farm |
| 14:31 | Build | Farm |
| 14:34 | Create | Villager (Male) |
| 14:34 | Create | Villager (Male) |
| 15:19 | Age | Castle Age |
| 15:26 | Create | Villager (Male) |
| 15:26 | Create | Villager (Male) |
| 15:50 | Create | Villager (Male) |
| 15:50 | Create | Villager (Male) |
| 16:29 | Create | Villager (Male) |
| 16:30 | Create | Villager (Male) |
| 16:50 | Build | Castle |
| 17:14 | Create | Villager (Male) |
| 17:14 | Create | Villager (Male) |
| 17:22 | Build | Mining Camp |
| 17:47 | Create | Leitis |
| 17:56 | Build | Town Center |
| 18:00 | Create | Villager (Male) |
| 18:00 | Create | Villager (Male) |
| 18:42 | Create | Villager (Male) |
| 18:42 | Create | Villager (Male) |
| 18:42 | Create | Villager (Male) |
| 18:45 | Create | Leitis |
| 19:29 | Create | Leitis |
| 19:51 | Create | Villager (Male) |
| 19:52 | Create | Villager (Male) |
| 19:52 | Create | Villager (Male) |
| 20:08 | Create | Villager (Male) |
| 20:31 | Create | Leitis |
| 20:32 | Create | Leitis |
| 20:52 | Create | Villager (Male) |
| 20:56 | Build | Farm |
| 20:57 | Build | Farm |
| 20:57 | Build | Farm |
| 20:57 | Build | Farm |
| 20:58 | Build | Farm |
| 20:58 | Build | Farm |
| 20:58 | Build | Farm |
| 20:59 | Build | Farm |
| 20:59 | Build | Farm |
| 20:59 | Build | Farm |
| 20:59 | Build | Farm |
| 21:00 | Build | Farm |
| 21:00 | Build | Farm |
| 21:00 | Build | Farm |
| 21:00 | Build | Farm |
| 21:01 | Build | Farm |
| 21:01 | Build | Farm |
| 21:02 | Build | Farm |
| 21:02 | Build | Farm |
| 21:02 | Build | Farm |
| 21:02 | Build | Farm |
| 21:06 | Research | Loom |
| 21:15 | Create | Villager (Male) |
| 21:38 | Create | Villager (Male) |
| 22:13 | Build | Castle |
| 22:46 | Research | Wheelbarrow |
| 22:47 | Create | Villager (Male) |
| 22:52 | Build | House |
| 22:53 | Build | House |
| 22:53 | Build | House |
| 22:53 | Build | House |
| 22:54 | Build | House |
| 22:54 | Build | House |
| 22:58 | Create | Villager (Male) |
| 22:58 | Create | Villager (Male) |
| 23:05 | Create | Petard |
| 23:56 | Build | Mining Camp |
| 24:12 | Create | Leitis |
| 24:12 | Create | Leitis |
| 24:48 | Create | Petard |
| 24:48 | Create | Petard |
| 25:01 | Create | Villager (Male) |
| 25:01 | Create | Villager (Male) |
| 25:01 | Create | Villager (Male) |
| 25:02 | Create | Villager (Male) |
| 25:18 | Create | Leitis |
| 25:18 | Create | Leitis |
| 25:18 | Create | Leitis |
| 25:26 | Create | Leitis |
| 25:27 | Create | Leitis |
| 25:43 | Create | Villager (Male) |
| 25:43 | Create | Villager (Male) |
| 25:44 | Create | Villager (Male) |
| 25:44 | Create | Villager (Male) |
| 25:44 | Create | Villager (Male) |
| 25:56 | Build | Mining Camp |
| 25:57 | Create | Villager (Male) |
| 25:57 | Create | Villager (Male) |
| 25:57 | Create | Villager (Male) |
| 26:05 | Build | Farm |
| 26:06 | Build | Farm |
| 26:06 | Build | Farm |
| 26:06 | Build | Farm |
| 26:10 | Create | Leitis |
Build order — coronawithlime7
First 150 of 273 actions detected
| 0:01 | Create | Villager (Male) |
| 0:01 | Create | Villager (Male) |
| 0:01 | Create | Villager (Male) |
| 0:03 | Build | House |
| 0:05 | Build | House |
| 1:03 | Create | Villager (Male) |
| 1:03 | Create | Villager (Male) |
| 1:35 | Create | Villager (Male) |
| 1:35 | Create | Villager (Male) |
| 1:46 | Build | Lumber Camp |
| 2:06 | Create | Villager (Male) |
| 2:07 | Create | Villager (Male) |
| 2:07 | Create | Villager (Male) |
| 2:23 | Create | Villager (Male) |
| 2:23 | Create | Villager (Male) |
| 2:24 | Create | Villager (Male) |
| 2:42 | Create | Villager (Male) |
| 2:43 | Create | Villager (Male) |
| 2:43 | Create | Villager (Male) |
| 3:27 | Create | Villager (Male) |
| 3:27 | Create | Villager (Male) |
| 3:40 | Build | House |
| 3:49 | Create | Villager (Male) |
| 3:50 | Create | Villager (Male) |
| 4:08 | Create | Villager (Male) |
| 4:08 | Create | Villager (Male) |
| 4:22 | Create | Villager (Male) |
| 4:22 | Create | Villager (Male) |
| 4:22 | Create | Villager (Male) |
| 4:30 | Build | House |
| 4:38 | Create | Villager (Male) |
| 4:38 | Create | Villager (Male) |
| 4:39 | Create | Villager (Male) |
| 5:27 | Create | Villager (Male) |
| 5:27 | Create | Villager (Male) |
| 5:27 | Create | Villager (Male) |
| 5:28 | Create | Villager (Male) |
| 5:39 | Build | Mill |
| 6:36 | Build | Mill |
| 6:48 | Build | Farm |
| 6:50 | Create | Villager (Male) |
| 6:51 | Create | Villager (Male) |
| 6:51 | Create | Villager (Male) |
| 6:51 | Create | Villager (Male) |
| 7:33 | Build | Farm |
| 7:35 | Build | Farm |
| 8:10 | Create | Villager (Male) |
| 8:26 | Build | House |
| 9:02 | Build | Mining Camp |
| 9:09 | Create | Villager (Male) |
| 9:09 | Create | Villager (Male) |
| 9:09 | Create | Villager (Male) |
| 10:05 | Create | Villager (Male) |
| 10:12 | Build | Lumber Camp |
| 10:17 | Research | Feudal Age |
| 11:05 | Build | Farm |
| 11:08 | Build | Farm |
| 11:25 | Build | House |
| 12:05 | Create | Villager (Male) |
| 12:05 | Create | Villager (Male) |
| 13:07 | Age | Feudal Age |
| 13:09 | Build | Market |
| 13:11 | Build | Blacksmith |
| 13:19 | Research | Double-Bit Axe |
| 13:54 | Research | Horse Collar |
| 14:03 | Research | Castle Age |
| 14:12 | Build | Farm |
| 14:13 | Build | Farm |
| 14:17 | Research | Wheelbarrow |
| 14:45 | Build | Farm |
| 14:47 | Build | Farm |
| 16:43 | Age | Castle Age |
| 16:45 | Build | Town Center |
| 16:47 | Research | Bow Saw |
| 16:51 | Build | Town Center |
| 16:57 | Build | Town Center |
| 17:16 | Build | Town Center |
| 17:21 | Create | Villager (Male) |
| 17:21 | Create | Villager (Male) |
| 18:05 | Build | Stone Wall |
| 18:11 | Build | Stone Wall |
| 18:15 | Research | Loom |
| 18:18 | Create | Villager (Male) |
| 18:18 | Create | Villager (Male) |
| 18:46 | Build | Farm |
| 18:47 | Build | Farm |
| 18:49 | Build | Farm |
| 18:50 | Build | Farm |
| 18:51 | Build | Farm |
| 19:02 | Build | House |
| 19:15 | Build | Stone Wall |
| 19:19 | Create | Villager (Male) |
| 19:20 | Create | Villager (Male) |
| 19:44 | Create | Villager (Male) |
| 19:44 | Create | Villager (Male) |
| 19:45 | Create | Villager (Male) |
| 19:54 | Build | Farm |
| 19:56 | Build | Farm |
| 20:01 | Build | Stone Wall |
| 20:26 | Create | Villager (Male) |
| 20:27 | Create | Villager (Male) |
| 20:39 | Build | Stone Wall |
| 20:49 | Research | Town Watch |
| 20:57 | Build | Farm |
| 20:58 | Build | Farm |
| 21:00 | Build | Farm |
| 21:02 | Create | Villager (Male) |
| 21:06 | Build | Farm |
| 21:07 | Build | Farm |
| 21:08 | Build | Farm |
| 21:14 | Create | Villager (Male) |
| 21:14 | Create | Villager (Male) |
| 21:14 | Create | Villager (Male) |
| 21:28 | Build | Farm |
| 21:30 | Build | Farm |
| 21:32 | Create | Villager (Male) |
| 21:32 | Create | Villager (Male) |
| 21:32 | Create | Villager (Male) |
| 21:44 | Create | Villager (Male) |
| 21:45 | Create | Villager (Male) |
| 21:45 | Create | Villager (Male) |
| 21:58 | Create | Villager (Male) |
| 21:58 | Create | Villager (Male) |
| 22:02 | Build | House |
| 22:09 | Build | Stone Wall |
| 22:14 | Build | House |
| 22:15 | Create | Villager (Male) |
| 22:15 | Create | Villager (Male) |
| 22:15 | Create | Villager (Male) |
| 22:40 | Build | Farm |
| 23:11 | Build | Castle |
| 23:19 | Build | Farm |
| 23:20 | Build | Farm |
| 23:21 | Build | Farm |
| 23:23 | Create | Villager (Male) |
| 23:23 | Create | Villager (Male) |
| 23:23 | Create | Villager (Male) |
| 23:23 | Create | Villager (Male) |
| 23:24 | Create | Villager (Male) |
| 23:37 | Create | Villager (Male) |
| 23:38 | Create | Villager (Male) |
| 23:38 | Create | Villager (Male) |
| 23:49 | Build | Lumber Camp |
| 23:56 | Create | Villager (Male) |
| 23:57 | Create | Villager (Male) |
| 23:57 | Create | Villager (Male) |
| 23:57 | Create | Villager (Male) |
| 23:57 | Create | Villager (Male) |
| 24:11 | Build | Farm |
| 24:12 | Build | Farm |
Build order — BidCarton8291
First 150 of 355 actions detected
| 0:00 | Create | Villager (Male) |
| 0:01 | Create | Villager (Male) |
| 0:02 | Build | House |
| 0:04 | Build | House |
| 0:16 | Create | Villager (Male) |
| 0:16 | Create | Villager (Male) |
| 1:24 | Create | Villager (Male) |
| 1:58 | Build | Settlement |
| 1:59 | Create | Villager (Male) |
| 2:26 | Create | Villager (Male) |
| 2:30 | Create | Villager (Male) |
| 3:10 | Create | Villager (Male) |
| 3:35 | Create | Villager (Male) |
| 4:01 | Create | Villager (Male) |
| 4:31 | Create | Villager (Male) |
| 4:32 | Create | Villager (Male) |
| 4:32 | Create | Villager (Male) |
| 4:49 | Build | Settlement |
| 5:10 | Create | Villager (Male) |
| 5:11 | Create | Villager (Male) |
| 5:53 | Create | Villager (Male) |
| 5:53 | Create | Villager (Male) |
| 6:19 | Create | Villager (Male) |
| 6:19 | Create | Villager (Male) |
| 6:54 | Create | Villager (Male) |
| 7:13 | Build | Settlement |
| 7:33 | Create | Villager (Male) |
| 7:33 | Create | Villager (Male) |
| 8:14 | Create | Villager (Male) |
| 8:14 | Create | Villager (Male) |
| 8:14 | Create | Villager (Male) |
| 8:28 | Build | Settlement |
| 9:05 | Research | Feudal Age |
| 10:09 | Create | Villager (Male) |
| 10:09 | Create | Villager (Male) |
| 11:19 | Build | Farm |
| 11:49 | Build | Market |
| 11:52 | Build | Blacksmith |
| 12:42 | Research | Castle Age |
| 12:42 | Research | Castle Age |
| 12:56 | Build | Outpost |
| 13:41 | Research | Double-Bit Axe |
| 13:41 | Research | Double-Bit Axe |
| 14:15 | Research | Horse Collar |
| 14:15 | Research | Horse Collar |
| 14:35 | Build | Farm |
| 14:38 | Build | Farm |
| 14:41 | Build | Farm |
| 14:56 | Build | Outpost |
| 14:59 | Research | Wheelbarrow |
| 15:28 | Build | Castle |
| 15:49 | Build | Town Center |
| 15:59 | Research | Town Watch |
| 16:30 | Build | Farm |
| 16:32 | Build | Farm |
| 16:43 | Build | Outpost |
| 17:00 | Create | Villager (Male) |
| 17:05 | Build | Farm |
| 17:22 | Create | Villager (Male) |
| 17:25 | Create | Villager (Male) |
| 17:29 | Build | Farm |
| 17:34 | Build | Farm |
| 17:40 | Create | Villager (Male) |
| 17:41 | Create | Villager (Male) |
| 17:56 | Build | Farm |
| 18:08 | Create | Villager (Male) |
| 18:09 | Create | Villager (Male) |
| 18:14 | Build | Farm |
| 18:30 | Create | Villager (Male) |
| 18:30 | Create | Villager (Male) |
| 18:44 | Research | Bow Saw |
| 18:57 | Build | Farm |
| 18:58 | Build | Farm |
| 19:02 | Create | Villager (Male) |
| 19:16 | Create | Villager (Male) |
| 19:19 | Build | Farm |
| 19:24 | Create | Villager (Male) |
| 19:25 | Create | Villager (Male) |
| 19:41 | Build | Siege Workshop |
| 19:54 | Create | Villager (Male) |
| 19:54 | Create | Villager (Male) |
| 19:55 | Create | Villager (Male) |
| 20:05 | Build | Farm |
| 20:06 | Build | Farm |
| 20:07 | Build | Farm |
| 20:11 | Create | Villager (Male) |
| 20:29 | Research | Heavy Plow |
| 20:29 | Research | Heavy Plow |
| 20:34 | Create | Villager (Male) |
| 20:35 | Create | Villager (Male) |
| 20:51 | Build | Town Center |
| 20:57 | Create | Villager (Male) |
| 21:08 | Create | Battering Ram |
| 21:18 | Create | Villager (Male) |
| 21:19 | Create | Villager (Male) |
| 21:20 | Create | Battering Ram |
| 21:29 | Build | Farm |
| 21:30 | Create | Battering Ram |
| 21:37 | Create | Villager (Male) |
| 21:38 | Create | Villager (Male) |
| 21:52 | Build | Farm |
| 21:53 | Build | Farm |
| 21:54 | Build | Farm |
| 21:56 | Build | Farm |
| 21:57 | Create | Villager (Male) |
| 21:58 | Create | Villager (Male) |
| 22:20 | Create | Villager (Male) |
| 22:25 | Build | Farm |
| 22:27 | Build | Farm |
| 22:28 | Create | Villager (Male) |
| 22:29 | Create | Villager (Male) |
| 22:30 | Create | Villager (Male) |
| 22:34 | Create | Battering Ram |
| 22:34 | Create | Battering Ram |
| 22:46 | Create | Villager (Male) |
| 22:47 | Create | Villager (Male) |
| 22:47 | Create | Villager (Male) |
| 22:52 | Build | Barracks |
| 23:11 | Create | Villager (Male) |
| 23:12 | Create | Villager (Male) |
| 23:13 | Create | Villager (Male) |
| 23:20 | Create | Battering Ram |
| 23:29 | Build | Farm |
| 23:30 | Build | Farm |
| 23:32 | Build | Farm |
| 23:45 | Create | Villager (Male) |
| 23:46 | Create | Villager (Male) |
| 23:46 | Create | Villager (Male) |
| 23:54 | Build | Farm |
| 23:55 | Build | Farm |
| 23:56 | Build | Farm |
| 23:59 | Create | Battering Ram |
| 24:03 | Create | Villager (Male) |
| 24:03 | Create | Villager (Male) |
| 24:04 | Create | Villager (Male) |
| 24:15 | Build | Settlement |
| 24:25 | Research | Tech 1402 |
| 24:27 | Research | Squires |
| 24:28 | Research | Arson |
| 24:32 | Build | Barracks |
| 24:35 | Create | Villager (Male) |
| 24:35 | Create | Villager (Male) |
| 24:36 | Create | Villager (Male) |
| 24:45 | Build | Farm |
| 24:47 | Build | Farm |
| 24:49 | Build | Farm |
| 24:57 | Create | Villager (Male) |
| 24:57 | Create | Villager (Male) |
| 24:58 | Create | Villager (Male) |
| 25:08 | Create | Battering Ram |
Build order — CKNs love Houfnice Shot
First 150 of 368 actions detected
| 0:00 | Create | Villager (Male) |
| 0:01 | Create | Villager (Male) |
| 0:01 | Create | Villager (Male) |
| 0:01 | Create | Villager (Male) |
| 0:01 | Create | Villager (Male) |
| 0:02 | Create | Villager (Male) |
| 0:03 | Build | House |
| 0:05 | Build | House |
| 1:23 | Create | Villager (Male) |
| 1:23 | Create | Villager (Male) |
| 1:24 | Create | Villager (Male) |
| 1:45 | Build | Lumber Camp |
| 1:55 | Create | Villager (Male) |
| 1:55 | Create | Villager (Male) |
| 1:55 | Create | Villager (Male) |
| 2:23 | Create | Villager (Male) |
| 2:23 | Create | Villager (Male) |
| 2:23 | Create | Villager (Male) |
| 3:02 | Create | Villager (Male) |
| 3:03 | Create | Villager (Male) |
| 3:03 | Create | Villager (Male) |
| 3:24 | Build | Palisade Wall |
| 3:27 | Build | Palisade Wall |
| 3:34 | Build | Palisade Wall |
| 3:37 | Build | Palisade Wall |
| 3:39 | Build | Palisade Wall |
| 3:40 | Create | Villager (Male) |
| 3:40 | Create | Villager (Male) |
| 3:43 | Build | Palisade Wall |
| 3:45 | Build | Palisade Wall |
| 3:49 | Build | Palisade Wall |
| 3:51 | Build | Palisade Wall |
| 3:56 | Build | Palisade Gate |
| 4:01 | Build | House |
| 4:02 | Build | House |
| 4:03 | Build | House |
| 4:04 | Build | Palisade Wall |
| 4:07 | Build | Palisade Wall |
| 4:08 | Create | Villager (Male) |
| 4:08 | Create | Villager (Male) |
| 4:15 | Create | Villager (Male) |
| 4:15 | Create | Villager (Male) |
| 4:45 | Create | Villager (Male) |
| 5:21 | Create | Villager (Male) |
| 5:43 | Create | Villager (Male) |
| 6:12 | Create | Villager (Male) |
| 6:16 | Build | Mill |
| 6:39 | Create | Villager (Male) |
| 6:40 | Create | Villager (Male) |
| 6:40 | Create | Villager (Male) |
| 6:40 | Create | Villager (Male) |
| 7:00 | Create | Villager (Male) |
| 7:01 | Create | Villager (Male) |
| 7:01 | Create | Villager (Male) |
| 7:06 | Build | Lumber Camp |
| 7:32 | Create | Villager (Male) |
| 8:49 | Build | Mining Camp |
| 9:04 | Research | Feudal Age |
| 9:04 | Research | Feudal Age |
| 9:04 | Research | Feudal Age |
| 9:20 | Build | Farm |
| 9:24 | Build | Farm |
| 9:40 | Create | Villager (Male) |
| 9:40 | Create | Villager (Male) |
| 11:20 | Age | Feudal Age |
| 11:22 | Build | Market |
| 11:23 | Build | Blacksmith |
| 11:32 | Research | Double-Bit Axe |
| 11:32 | Research | Double-Bit Axe |
| 11:33 | Research | Horse Collar |
| 11:33 | Research | Horse Collar |
| 11:45 | Build | Farm |
| 11:47 | Build | Farm |
| 12:09 | Research | Castle Age |
| 12:10 | Research | Castle Age |
| 12:10 | Research | Castle Age |
| 12:28 | Build | Farm |
| 12:30 | Build | Farm |
| 12:46 | Build | Farm |
| 12:54 | Build | Farm |
| 14:40 | Research | Wheelbarrow |
| 14:40 | Research | Wheelbarrow |
| 14:40 | Research | Wheelbarrow |
| 14:51 | Age | Castle Age |
| 14:56 | Build | Monastery |
| 14:58 | Research | Bow Saw |
| 14:58 | Research | Bow Saw |
| 14:58 | Research | Heavy Plow |
| 14:59 | Research | Heavy Plow |
| 15:24 | Build | Town Center |
| 15:37 | Build | House |
| 15:51 | Create | Monk |
| 15:51 | Create | Monk |
| 15:57 | Build | House |
| 16:06 | Create | Villager (Male) |
| 16:08 | Create | Monk |
| 16:24 | Research | Hand Cart |
| 16:24 | Research | Hand Cart |
| 16:24 | Research | Hand Cart |
| 16:35 | Build | Farm |
| 16:49 | Create | Villager (Male) |
| 16:50 | Create | Villager (Male) |
| 16:55 | Build | Farm |
| 16:56 | Build | Farm |
| 16:56 | Build | Farm |
| 17:17 | Build | Farm |
| 17:17 | Build | Farm |
| 17:18 | Build | Farm |
| 17:18 | Build | Farm |
| 17:21 | Build | Farm |
| 17:26 | Create | Villager (Male) |
| 17:26 | Create | Villager (Male) |
| 17:42 | Build | Farm |
| 18:03 | Create | Villager (Male) |
| 18:03 | Create | Villager (Male) |
| 18:23 | Create | Villager (Male) |
| 18:23 | Create | Villager (Male) |
| 18:32 | Build | House |
| 18:41 | Build | Town Center |
| 18:44 | Create | Villager (Male) |
| 18:44 | Create | Villager (Male) |
| 18:52 | Create | Monk |
| 18:58 | Build | House |
| 19:00 | Create | Villager (Male) |
| 19:00 | Create | Villager (Male) |
| 19:15 | Build | House |
| 19:27 | Build | Town Center |
| 19:32 | Create | Villager (Male) |
| 19:32 | Create | Villager (Male) |
| 19:34 | Build | House |
| 19:42 | Build | Farm |
| 19:43 | Build | Farm |
| 19:48 | Create | Villager (Male) |
| 19:50 | Build | Farm |
| 20:04 | Create | Villager (Male) |
| 20:05 | Create | Villager (Male) |
| 20:07 | Build | Farm |
| 20:08 | Build | Farm |
| 20:14 | Create | Villager (Male) |
| 20:14 | Create | Villager (Male) |
| 20:14 | Create | Villager (Male) |
| 20:14 | Create | Villager (Male) |
| 20:19 | Build | House |
| 20:25 | Build | Farm |
| 20:28 | Build | Farm |
| 20:30 | Create | Villager (Male) |
| 20:30 | Create | Villager (Male) |
| 20:31 | Create | Villager (Male) |
| 20:38 | Build | Farm |
| 20:44 | Build | House |
Match timeline
| 3:24 | CKNs love Houfnice Shot · wall_segment Palisade Wall x1 |
| 3:27 | CKNs love Houfnice Shot · wall_segment Palisade Wall x1 |
| 3:34 | CKNs love Houfnice Shot · wall_segment Palisade Wall x1 |
| 3:37 | CKNs love Houfnice Shot · wall_segment Palisade Wall x1 |
| 3:39 | CKNs love Houfnice Shot · wall_segment Palisade Wall x1 |
| 3:43 | CKNs love Houfnice Shot · wall_segment Palisade Wall x1 |
| 3:45 | CKNs love Houfnice Shot · wall_segment Palisade Wall x1 |
| 3:49 | CKNs love Houfnice Shot · wall_segment Palisade Wall x1 |
| 3:51 | CKNs love Houfnice Shot · wall_segment Palisade Wall x1 |
| 4:04 | CKNs love Houfnice Shot · wall_segment Palisade Wall x1 |
| 4:07 | CKNs love Houfnice Shot · wall_segment Palisade Wall x1 |
| 4:33 | uribeparacohp · wall_segment Palisade Wall x1 |
| 4:37 | uribeparacohp · wall_segment Palisade Wall x1 |
| 4:39 | uribeparacohp · wall_segment Palisade Wall x1 |
| 4:43 | uribeparacohp · wall_segment Palisade Wall x1 |
| 4:46 | uribeparacohp · wall_segment Palisade Wall x1 |
| 4:50 | uribeparacohp · wall_segment Palisade Wall x1 |
| 4:54 | uribeparacohp · wall_segment Palisade Wall x1 |
| 4:58 | uribeparacohp · wall_segment Palisade Wall x1 |
| 5:05 | uribeparacohp · wall_segment Palisade Wall x1 |
| 5:10 | uribeparacohp · wall_segment Palisade Wall x1 |
| 5:14 | uribeparacohp · wall_segment Palisade Wall x1 |
| 5:19 | uribeparacohp · wall_segment Palisade Wall x1 |
| 5:23 | uribeparacohp · wall_segment Palisade Wall x1 |
| 5:28 | uribeparacohp · wall_segment Palisade Wall x1 |
| 10:31 | Siefers · age_up feudal |
| 10:36 | eldeniro · age_up feudal |
| 10:57 | uribeparacohp · age_up feudal |
| 11:20 | CKNs love Houfnice Shot · age_up feudal |
| 11:49 | cowboy · age_up feudal |
| 12:13 | Rainier · age_up feudal |
| 13:07 | coronawithlime7 · age_up feudal |
| 14:26 | Siefers · age_up castle |
| 14:27 | eldeniro · age_up castle |
| 14:42 | uribeparacohp · age_up castle |
| 14:51 | CKNs love Houfnice Shot · age_up castle |
| 14:54 | uribeparacohp · first_building Monastery |
| 14:56 | CKNs love Houfnice Shot · first_building Monastery |
| 15:19 | cowboy · age_up castle |
| 15:28 | BidCarton8291 · first_building Castle |
| 15:44 | Siefers · first_market_buy 100 food |
| 15:44 | Rainier · age_up castle |
| 15:50 | coronawithlime7 · first_market_buy 100 stone |
| 16:34 | eldeniro · first_market_buy 100 stone |
| 16:43 | coronawithlime7 · age_up castle |
| 16:50 | cowboy · first_building Castle |
| 16:56 | BidCarton8291 · first_market_buy 100 food |
| 17:02 | coronawithlime7 · first_market_sell 100 food |
| 17:18 | uribeparacohp · first_market_buy 100 food |
| 18:05 | coronawithlime7 · wall_segment Stone Wall x14 |
| 18:11 | coronawithlime7 · wall_segment Stone Wall x6 |
| 19:15 | coronawithlime7 · wall_segment Stone Wall x1 |
| 19:28 | Rainier · first_building Castle |
| 19:41 | BidCarton8291 · first_building Siege Workshop |
| 20:01 | coronawithlime7 · wall_segment Stone Wall x6 |
| 20:39 | coronawithlime7 · wall_segment Stone Wall x1 |
| 20:46 | eldeniro · first_building Monastery |
| 20:58 | Siefers · first_building Monastery |
| 21:55 | eldeniro · first_building Barracks |
| 22:09 | coronawithlime7 · wall_segment Stone Wall x1 |
| 22:52 | BidCarton8291 · first_building Barracks |
| 23:08 | eldeniro · first_building Stable |
| 23:11 | coronawithlime7 · first_building Castle |
| 23:41 | Siefers · first_building Barracks |
| 24:27 | Siefers · first_building Stable |
| 24:58 | CKNs love Houfnice Shot · first_building Castle |
| 25:00 | eldeniro · first_market_sell 100 food |
| 25:16 | uribeparacohp · first_building Barracks |
| 26:17 | CKNs love Houfnice Shot · first_building Barracks |
| 26:18 | uribeparacohp · first_building Siege Workshop |
| 27:02 | Siefers · first_building Castle |
| 27:18 | Rainier · first_building Barracks |
| 27:20 | uribeparacohp · first_building Castle |
| 28:01 | Rainier · first_building Archery Range |
| 28:08 | uribeparacohp · age_up imperial |
| 28:12 | eldeniro · age_up imperial |
| 28:38 | eldeniro · wall_segment Palisade Wall x1 |
| 28:58 | coronawithlime7 · first_building Barracks |
| 29:07 | Rainier · age_up imperial |
| 29:09 | Siefers · age_up imperial |
| 29:21 | eldeniro · first_building Castle |
| 29:31 | CKNs love Houfnice Shot · age_up imperial |
| 29:58 | uribeparacohp · first_market_sell 100 stone |
| 30:33 | Siefers · first_market_sell 500 wood |
| 32:08 | cowboy · wall_segment Stone Wall x11 |
| 33:07 | coronawithlime7 · resign |
| 34:37 | cowboy · first_market_buy 100 wood |
| 34:39 | cowboy · first_building Monastery |
| 34:58 | Rainier · first_market_sell 500 food |
[ AI ANALYSIS · 1 CREDIT ]
What really happened in this match?
Wolo.gg analyzes every decision: build order, eco, micro, common mistakes by bracket. Personalized analysis on WhatsApp or Discord in 30 seconds.
Civ guide
Maya
Perfil
Jugador #311316